 Seeded DCSS version 0.30.0-10-gfe55d96785 (webtiles) character file.

Game seed: 10090500252402427320 (custom seed)

2366 GigaChad the Firebug (level 9, -18/45 HPs)
             Began as a Vine Stalker Fire Elementalist on May 15, 2023.
             Was a Believer of Vehumet.
             Demolished by an orc warlord
             ... wielding a +6 broad axe
              (28 damage)
             ... in a bailey.
             The game lasted 00:21:16 (7672 turns).

GigaChad the Firebug (VSFE)                         Turns: 7672, Time: 00:21:18

Health: -18/45     AC:  6    Str: 15    XL:     9   Next: 44%
Magic:  0/26       EV: 10    Int: 15    God:    Vehumet [**....]
Gold:   383        SH:  0    Dex: 15    Spells: 12/18 levels left

rFire   . . .        g - +11 plutonium sword {Contam Stlth-}
rCold   . . .        (shield currently unavailable)
rNeg    . . .        G - +0 scale mail
rPois   .            l - -1 helmet of the Pits of Slime {Harm Regen+ MP+9}
rElec   .            (no cloak)
rCorr   .            (no gloves)
SInv    .            (no boots)
Will    +....        (no amulet) Stlth
                     (no ring)
HPRegen 1.87/turn    (no ring)
MPRegen 0.20/turn

%: harm (+30% outgoing, +20% incoming), guardian spirit
@: no status effects
A: fangs 3, regeneration 1, magic shield, antimagic bite, no potion heal 2
a: Renounce Religion


You were in a bailey.
You worshipped Vehumet.
Vehumet was pleased with you.
You visited 2 branches of the dungeon, and saw 8 of its levels.
You also visited: Bailey.

You collected 383 gold pieces.

Inventory:

Hand Weapons
 d - a +0 short sword
 g - the +11 plutonium sword (weapon) {Contam Stlth-}
   (You acquired it on level 1 of the Dungeon)

   Contam:    It causes magical contamination when unequipped.
   Stlth:     It makes you less stealthy.
 z - a +5 quarterstaff
Missiles
 x - a throwing net
Armour
 a - a +0 robe
 l - the -1 helmet of the Pits of Slime (worn) {Harm Regen+ MP+9}
   (You acquired it on level 2 of the Dungeon)

   MP:        It affects your magic capacity (+9).
   Regen:     It increases your rate of health regeneration.
   Harm:      It increases damage dealt and taken.
 r - a +0 leather armour
 G - a +0 scale mail (worn)
Wands
 y - a wand of iceblast (11)
 A - a wand of quicksilver (8)
 E - a wand of flame (19)
Scrolls
 f - 2 scrolls of fog
 h - 4 scrolls of teleportation
 k - 3 scrolls of identify
 n - a scroll of brand weapon {unknown}
 p - a scroll of silence
 s - 2 scrolls of magic mapping {unknown}
 u - a scroll of vulnerability {unknown}
 v - 2 scrolls of blinking {unknown}
 w - a scroll of enchant armour {unknown}
 C - 2 scrolls of noise {unknown}
 F - a scroll of enchant weapon {unknown}
Potions
 b - 2 potions of magic
 c - a potion of flight {unknown}
 e - 3 potions of brilliance {unknown}
 i - a potion of might {unknown}
 j - 2 potions of haste {unknown}
 m - 2 potions of heal wounds {unknown}
 o - 5 potions of curing {unknown}
 q - a potion of invisibility
 t - 2 potions of mutation {unknown}
 B - a potion of degeneration {unknown}
 D - a potion of attraction {unknown}


   Skills:
 * Level 4.1 Fighting
 * Level 5.2 Long Blades
 * Level 3.0 Armour
 * Level 3.0 Dodging
 + Level 3.1 Stealth
 * Level 5.2 Spellcasting
 + Level 3.9 Conjurations
 * Level 6.0 Fire Magic


You had 12 spell levels left.
You knew the following spells:

 Your Spells              Type           Power      Damage    Failure   Level
a - Foxfire               Conj/Fire      72%        2x1d7     8%          1
b - Scorch                Fire           44%        2d6       8%          2
c - Inner Flame           Hex/Fire       13%        N/A       45%         3

Your spell library contained the following spells:

 Spells                   Type           Power      Damage    Failure   Level
 Static Discharge         Conj/Air       18%        2-3/arc   38%         2
 Volatile Blastmotes      Fire/Tloc      26%        2d12      45%         3
 Apportation              Tloc           6%         N/A       52%         1
 Necrotise                Necr           12%        1d4       52%         1
 Summon Small Mammal      Summ           12%        N/A       52%         1
 Flame Wave               Conj/Fire      18%        2d7       61%         4
 Ensorcelled Hibernation  Hex/Ice        6%         N/A       67%         2
 Spider Form              Tmut/Pois      3%         N/A       88%         3
 Anguish                  Hex/Necr       1%         N/A       99%         4
 Cause Fear               Hex            1%         N/A       99%         4
 Dragon Form              Tmut           1%         N/A       100%        7
 Dragon's Call            Summ           1%         N/A       100%        9


Dungeon Overview and Level Annotations

Branches:
Dungeon (7/15)             Temple (1/1) D:4          Bailey (1/1)

Altars:
Ashenzari
Dithmenos
Elyvilon
Fedhas
Gozag
Hepliaklqana
Kikubaaqudgha
Makhleb
Nemelex Xobeh
Okawaru
Qazlal
Ru
Trog
Uskayaw
Vehumet
Wu Jian
Xom
Yredelemnul
Zin
The Shining One

Shops:
D:5 [

Annotations:
D:2 1 runed translucent door, Crazy Yiuf


Innate Abilities, Weirdness & Mutations

You have razor-sharp teeth.
Your natural rate of healing is unusually fast.
When hurt, damage is shared between your health and your magic reserves.
Your bite disrupts and absorbs the magic of your enemies.
Potions cannot restore your health.


Message History

a +0 hand axe; a +0 leather armour; a goblin corpse You start resting.
You start resting.
A hobgoblin comes into view. It is wielding a +0 hand axe.
A hobgoblin is nearby!
The hobgoblin shouts!
You conjure some foxfire!
Your foxfire dissipates!
The foxfire hits the hobgoblin but does no damage.
You conjure some foxfire!
The foxfire hits the hobgoblin.
The hobgoblin is heavily wounded.
The foxfire hits the hobgoblin.
You kill the hobgoblin!
Vehumet accepts your kill.
Things that are here:
a +0 hand axe; a +0 leather armour
Found 17 gold pieces.
You open the gate.
You conjure some foxfire!
The orc warlord hits you with a +6 broad axe!!
The orc warlord hits your foxfire with a +6 broad axe!! x2
You conjure some foxfire!
The orc warlord hits you with a +6 broad axe!!
Ouch! That really hurt!
* * * LOW HITPOINT WARNING * * *
The orc warlord closely misses your foxfire.
Your foxfire dissipates!
The foxfire hits the orc warlord.
The orc warlord is lightly wounded.
You are too injured to fight recklessly!
You are too injured to fight recklessly!
You slash the orc warlord!
You bite the orc warlord, but do no damage.
The orc warlord is lightly wounded.
The orc warlord hits you with a +6 broad axe.
* * * LOW HITPOINT WARNING * * *
The orc warlord hits you with a +6 broad axe!!
Ouch! That really hurt!
You die...

~.8...8.~ #.~~~...♣
##.......###'###..♣♣
#~.8...8.~#....##.♣ .
#~~~~~~~~~#.....##♣
..####~~~####......##
.....#'''#......8...#
...............)))..#
.......o.)..........#
.8.....@.....8..8..##
....#######.......##
... ##.....## $.
##...## # #####


You could see an orc warlord.

Vanquished Creatures
  Sigmund (D:7)
  3 yaks (D:6)
  Menkaure (D:5)
  Edmund (D:7)
  A water moccasin (D:6)
  4 orc warriors (Bailey)
  A phantom (D:5)
  A bullfrog (D:6)
  A scorpion (D:6)
  4 wights (D:6)
  A crimson imp (D:5)
  2 jellies
  A hound (D:5)
  A gnoll bouda (D:5)
  6 iguanas
  A sleepcap (D:5)
  An orc wizard (D:6)
  7 gnolls
  6 adders
  A shadow imp (D:6)
  4 white imps
  An ufetubus (D:6)
  2 worms (D:3)
  A dart slug (D:5)
  23 orcs
  4 bats
  2 endoplasms (D:4)
  3 giant cockroaches
  10 goblins
  10 hobgoblins
  4 quokkas
  3 ball pythons
  8 frilled lizards
  15 kobolds
  4 rats
139 creatures vanquished.

Vanquished Creatures (others)
  376 foxfires
376 creatures vanquished.

Grand Total: 515 creatures vanquished

Notes
Turn   | Place    | Note
-------+----------+-------------------------------------------
     0 | D:1      | GigaChad the Vine Stalker Fire Elementalist began the quest
                  | for the Orb.
     0 | D:1      | Reached XP level 1. HP: 9/9 MP: 4/4
   420 | D:1      | Reached XP level 2. HP: 5/13 MP: 1/6
   469 | D:1      | Identified a scroll of acquirement
   470 | D:1      | Acquired the +11 plutonium sword {Contam Stlth-}
   470 | D:1      | Found the +11 plutonium sword {Contam Stlth-}
   851 | D:1      | You fall into a shaft and drop 1 floor!
   938 | D:2      | Found a sparkling altar of Nemelex Xobeh.
  1076 | D:2      | Found a runed translucent door.
  1077 | D:2      | Noticed Crazy Yiuf
  1185 | D:2      | Acquired the -1 helmet of the Pits of Slime {Harm Regen+
                  | MP+9}
  1627 | D:3      | Reached XP level 3. HP: 16/16 MP: 7/7
  1908 | D:3      | Found a basalt altar of Yredelemnul.
  2069 | D:3      | Gained mutation: Your natural rate of healing is unusually
                  | fast. [Vine Stalker growth]
  2069 | D:3      | Reached XP level 4. HP: 21/21 MP: 9/9
  2762 | D:4      | Reached XP level 5. HP: 25/25 MP: 10/10
  3013 | D:4      | Identified the +5 ring mail "Dyhon" {rN+ Str+4 Dex-3}
  3066 | D:4      | Found a staircase to the Ecumenical Temple.
  3078 | Temple   | Entered the Ecumenical Temple
  3267 | Temple   | Became a worshipper of Vehumet
  3486 | D:4      | Found a sand-covered staircase.
  3867 | D:5      | Entered Level 5 of the Dungeon
  3990 | D:5      | Reached skill level 1 in Fighting
  4004 | D:5      | Reached skill level 4 in Fire Magic
  4116 | D:5      | Found Yggoapn's Antique Armour Shoppe.
  4127 | D:5      | Noticed a phantom
  4135 | D:5      | Killed a phantom
  4136 | D:5      | Reached skill level 1 in Long Blades
  4136 | D:5      | Reached skill level 1 in Armour
  4136 | D:5      | Reached XP level 6. HP: 30/30 MP: 12/12
  4460 | D:5      | Found an opulent altar of Gozag.
  4841 | D:5      | Noticed Menkaure
  4851 | D:5      | Killed Menkaure
  4852 | D:5      | Reached XP level 7. HP: 30/33 MP: 13/13
  5139 | D:5      | Noticed Grinder
  5146 | D:5      | Noticed Grinder
  5147 | D:5      | Killed Grinder the crimson imp
  5192 | D:5      | Reached * piety under Vehumet
  5192 | D:5      | Offered knowledge of Shock by Vehumet.
  5300 | D:5      | Found a burning altar of Makhleb.
  5351 | D:5      | Learned a level 2 spell: Scorch
  5411 | D:5      | Learned a level 3 spell: Inner Flame
  5954 | D:6      | Gained mutation: You have razor-sharp teeth. [Vine Stalker
                  | growth]
  5954 | D:6      | Reached XP level 8. HP: 39/39 MP: 15/15
  6019 | D:6      | Reached skill level 5 in Fire Magic
  6219 | D:6      | Offered knowledge of Freeze by Vehumet.
  6254 | D:6      | Reached ** piety under Vehumet
  6545 | D:6      | Found an iron altar of Okawaru.
  6603 | D:6      | Noticed a yak
  6623 | D:6      | Killed a yak
  6764 | D:6      | Noticed a yak
  6773 | D:6      | Killed a yak
  6797 | D:6      | Noticed a yak
  6800 | D:6      | Killed a yak
  6801 | D:6      | Reached XP level 9. HP: 44/45 MP: 17/17
  6884 | D:7      | Noticed Edmund
  6900 | D:7      | Killed Edmund
  7019 | D:7      | Noticed Sigmund
  7026 | D:7      | Killed Sigmund
  7027 | D:7      | Reached skill level 5 in Long Blades
  7027 | D:7      | Reached skill level 5 in Spellcasting
  7125 | D:7      | Found a flagged portal.
  7137 | Bailey   | Entered a bailey
  7147 | Bailey   | Noticed an orc warlord
  7439 | Bailey   | Found a runed translucent gate.
  7439 | Bailey   | Found a runed translucent gate.
  7481 | Bailey   | Found a runed translucent gate.
  7497 | Bailey   | Offered knowledge of Static Discharge by Vehumet.
  7498 | Bailey   | Reached skill level 6 in Fire Magic
  7672 | Bailey   | Demolished by an orc warlord

Illustrated notes

Levels and vault maps discovered:
D:1:      nzn_arrival_settlement, layout_loops_corners, serial_bayou_ford_a,
          nicolae_kite_square_tiling_tiny
D:2:      layout_basic, basic_altar, uniq_crazy_yiuf_cottage
D:3:      layout_basic, mainiacjoe_overflow_brackets, minmay_hedge_maze
D:4:      layout_basic, temple_hall, chequers_ossuary_entry_cave
D:5:      layout_basic, mainiacjoe_overflow_paths, grunt_gozag_statues,
          serial_shops, shop, dreamdust_wishing_well, minmay_lizard_king,
          uniq_grinder, uniq_menkaure
D:6:      layout_basic, mainiacjoe_overflow_boulevard
D:7:      layout_cave_pools, enter_bailey_2, sigmund_edmund_badplayer
Temple:   eino_temple_scatter_basement
Bailey:   bailey_axe_bossmonster_kennysheep, bailey

Skill      XL: |  1  2  3  4  5  6  7  8  9 |
---------------+----------------------------+-----
Spellcasting   | 3 4 5 |  5.2
Dodging        | 2 3 |  3.0
Conjurations   | 2 3 |  3.9
Fighting       | 1 2 3 4 |  4.1
Fire Magic     | 4 5 6 |  6.0
Long Blades    | 1 2 3 4 5 |  5.2
Armour         | 1 2 3 |  3.0
Stealth        | 3 |  3.1

Action                     |  1- 3 |  4- 6 |  7- 9 || total
---------------------------+-------+-------+-------++-------
  Melee: Short sword       |     6 |       |       ||     6
         Bite              |     3 |     7 |    16 ||    26
         Unarmed           |     1 |       |       ||     1
         Punch             |     1 |       |       ||     1
         Triple sword      |     8 |    32 |    77 ||   117
   Cast: Foxfire           |    61 |   103 |   154 ||   318
    Use: Scroll            |     3 |     2 |     1 ||     6
 Armour: Robe              |    13 |       |       ||    13
         Leather armour    |       |    13 |    29 ||    42
         Scale mail        |       |       |     1 ||     1
  Dodge: Dodged            |    22 |    58 |   116 ||   196
